 Dungeon Crawl Stone Soup version 0.32-a0-747-gc8563f6773 (webtiles) character file.

Game seed: 9640132877410246825

2151 pokeman the Thaumaturge (level 9, -7/48 HPs)
             Began as a Deep Elf Hedge Wizard on Mar 17, 2024.
             Killed by divine providence
             ... invoked by an orc priest
              (9 damage)
             ... on level 6 of the Dungeon.
             The game lasted 00:10:33 (6758 turns).

pokeman the Thaumaturge (Deep Elf Hedge Wizard)     Turns: 6758, Time: 00:10:34

Health: -7/48      AC:  6    Str:  7    XL:     9   Next: 10%
Magic:  9/26       EV: 17    Int: 24    God:
Gold:   221        SH:  0    Dex: 14    Spells: 22/31 levels left

rFire   . . .        t - +4 quarterstaff (chaos)
rCold   . . .        (shield currently unavailable)
rNeg    . . .        b - +0 robe
rPois   +            c - +0 hat
rElec   .            u - +0 cloak
rCorr   .            (no gloves)
SInv    .            j - +2 pair of boots
Will    .....        (no amulet)
Stlth   +++          k - +5 ring of evasion
HPRegen 0.28/turn    B - ring of poison resistance
MPRegen 0.20/turn

%: no passive effects
@: no status effects
A: no striking features
a: Convert to Beogh


You were on level 6 of the Dungeon.
You visited 2 branches of the dungeon, and saw 7 of its levels.

You collected 357 gold pieces.
You spent 136 gold pieces at shops.

Inventory:

Hand Weapons
 t - a +4 quarterstaff of chaos (weapon)
Armour
 b - a +0 robe (worn)
 c - a +0 hat (worn)
 j - a +2 pair of boots (worn)
 u - a +0 cloak (worn)
Jewellery
 k - a +5 ring of evasion (left hand)
 B - a ring of poison resistance (right hand)
Wands
 y - a wand of flame (15)
Scrolls
 f - a scroll of immolation {unknown}
 g - 4 scrolls of poison {unknown}
 i - 9 scrolls of identify
 m - 3 scrolls of fog {unknown}
 n - a scroll of enchant weapon {unknown}
 q - 3 scrolls of enchant armour {unknown}
 r - 2 scrolls of blinking
 s - 5 scrolls of teleportation {unknown}
 v - 2 scrolls of revelation {unknown}
 x - a scroll of amnesia {unknown}
 z - 2 scrolls of vulnerability {unknown}
 A - a scroll of fear {unknown}
Potions
 a - a potion of enlightenment {unknown}
 d - a potion of magic
 e - a potion of mutation {unknown}
 h - 2 potions of invisibility {unknown}
 l - a potion of brilliance {unknown}
 o - 3 potions of heal wounds {unknown}
 w - 6 potions of curing {unknown}


   Skills:
 - Level 2.2 Fighting
 - Level 2.0 Armour
 - Level 3.2 Dodging
 - Level 5.3 Stealth
 + Level 2.1 Shields
 * Level 11.5 Spellcasting
 + Level 5.4 Conjurations
 - Level 1.1 Summonings
 - Level 1.1 Translocations
 - Level 1.0 Fire Magic
 - Level 1.0 Air Magic
 - Level 1.0 Alchemy
 + Level 1.9 Evocations


You had 22 spell levels left.
You knew the following spells:

 Your Spells              Type           Power      Damage    Failure   Level
a - Magic Dart            Conj           100%       1d8       1%          1
b - Mephitic Cloud        Conj/Alch/Air  25%        N/A       4%          3
c - Call Imp              Summ           38%        N/A       4%          2
d - Blink                 Tloc           38%        N/A       4%          2
e - Foxfire               Conj/Fire      100%       2x1d9     1%          1

Your spell library contained the following spells:

 Spells                   Type           Power      Damage    Failure   Level
 Searing Ray              Conj           80%        2d7       1%          2
 Slow                     Hex            52%        N/A       4%          1
 Cigotuvi's Dreadful Rot  Necr/Alch/Air  34%        N/A       5%          2
 Ensorcelled Hibernation  Hex/Ice        26%        N/A       7%          2
 Fulminant Prism          Conj/Alch      14%        3d8       12%         4
 Fugue of the Fallen      Necr           13%        N/A       14%         3
 Anguish                  Hex/Necr       6%         N/A       41%         4
 Starburst                Conj/Fire      14%        6d6       88%         6
 Plasma Beam              Fire/Air       9%         2x1d19    99%         6


Dungeon Overview and Level Annotations

Branches:
Dungeon (6/15)             Temple (1/1) D:5

Altars:
Ashenzari
Cheibriados
Dithmenos
Elyvilon
Fedhas
Gozag
Hepliaklqana
Kikubaaqudgha
Nemelex Xobeh
Okawaru
Ru
Sif Muna
Trog
Wu Jian
Yredelemnul
The Shining One

Shops:
D:2 (*[(   D:5 [

Annotations:
D:4 1 runed translucent door, Arkalis's ghost, amateur CoCK


Message History

Your foxfire dissipates!
Your foxfire dissipates!
The foxfire hits the orc warrior but does no damage.
The orc warrior is lightly wounded.
The foxfire hits the orc warrior but does no damage.
The orc warrior is lightly wounded.
The orc warrior laughs crazily.
Unknown command.
Casting: Foxfire (safe; 1% risk of failure)
Confirm with . or Enter, or press ? or * to list all spells.
You conjure some foxfire!
The orc priest invokes the aid of Beogh against you.
Beogh smites you!
* * * LOW HITPOINT WARNING * * *
Casting: Foxfire (safe; 1% risk of failure)
Confirm with . or Enter, or press ? or * to list all spells.
You conjure some foxfire!
The foxfire hits the orc warrior.
The orc warrior is moderately wounded.
The foxfire hits the orc warrior!
The orc warrior is heavily wounded.
The orc priest miscasts a cantrip.
Casting: Foxfire (safe; 1% risk of failure)
Confirm with . or Enter, or press ? or * to list all spells.
Aiming: Mephitic Cloud (dangerous; 4% risk of failure)
Press: ? - help, Shift-Dir - straight line, f - orc warrior
Aim: an orc warrior, wielding a +0 long sword and wearing a +0 chain mail (heavily wounded, confused, ally target, chance to affect: 81%)
The ball explodes into a vile cloud!
The stinking cloud engulfs the orc warrior.
The orc warrior is heavily wounded.
The stinking cloud engulfs the orc priest.
The orc priest is almost dead.
The foxfire hits the orc warrior but does no damage.
The orc warrior is heavily wounded.
The foxfire hits the orc warrior.
The orc warrior is severely wounded.
The orc warrior is engulfed in noxious fumes.
The orc warrior appears confused.
The orc priest mumbles some strange prayers to Beogh against you.
Beogh smites you!
You die...

........###...#..# #..####.....##
####.##.##.......###.#######.#.##
####.##.#..##....................
........................####.##.#
####.##...##......##.##......##..
.# #...).###....#.##.######....##
.#####...............#.# ##.#...
.......#.......§§§.....## #.###.
...#..##.......§@§......# #.# #.
...#..#.........§§......####.# ##
...#..#.........o###......##.# #
................§§##...##.##.####
.###..#.........#o#######.##.##..
.####.....#..####.# #####..#.#..#
.##...#.###.## .> #..........##
....###..##.# #.##.####...###
.[........# .. ##..#


You could see an orc warrior (confused) and an orc priest.

Vanquished Creatures
  A two-headed ogre (D:5)
  Grinder (D:5)
  Sigmund (D:3)
  2 water moccasins
  A black bear (D:5)
  3 centaurs
  An ogre (D:5)
  A scorpion (D:5)
  5 hounds
  2 jellies (D:6)
  A gnoll bouda (D:6)
  Crazy Yiuf (D:3)
  2 iguanas
  2 orc wizards
  8 adders
  3 gnolls (D:6)
  2 white imps (D:5)
  A dart slug (D:2)
  A ribbon worm (D:2)
  12 orcs
  3 ball pythons
  4 bats (D:3)
  3 endoplasms (D:4)
  2 giant cockroaches
  4 goblins
  4 hobgoblins
  2 quokkas
  3 frilled lizards (D:1)
  8 kobolds
  5 rats
89 creatures vanquished.

Vanquished Creatures (collateral kills)
  A ribbon worm (D:2)
1 creature vanquished.

Vanquished Creatures (others)
  288 foxfires
288 creatures vanquished.

Grand Total: 378 creatures vanquished

Notes
Turn   | Place    | Note
-------+----------+-------------------------------------------
     0 | D:1      | pokeman the Deep Elf Hedge Wizard began the quest for the
                  | Orb.
     0 | D:1      | Reached XP level 1. HP: 10/10 MP: 7/7
   517 | D:1      | Reached XP level 2. HP: 16/16 MP: 6/9
  1270 | D:2      | Reached skill level 5 in Spellcasting
  1326 | D:2      | Found a shadowy altar of Dithmenos.
  1399 | D:2      | Found Unoa's General Store.
  1478 | D:2      | Found Ybbaaj's Antique Weapon Shop.
  1484 | D:2      | Found Mutas's Antique Armour Emporium.
  1555 | D:2      | Reached XP level 3. HP: 20/20 MP: 3/11
  1559 | D:2      | Learned a level 3 spell: Mephitic Cloud
  1562 | D:2      | Learned a level 2 spell: Call Imp
  1565 | D:2      | Learned a level 2 spell: Blink
  1741 | D:2      | Found Sanyck's Weapon Shoppe.
  2411 | D:3      | Reached skill level 1 in Fighting
  2411 | D:3      | Reached skill level 1 in Armour
  2587 | D:3      | Found an iron altar of Okawaru.
  2659 | D:3      | Noticed Sigmund
  2692 | D:3      | Killed Sigmund
  2693 | D:3      | Reached skill level 7 in Spellcasting
  2693 | D:3      | Reached XP level 4. HP: 21/25 MP: 5/15
  2693 | D:3      | Reached XP level 5. HP: 24/29 MP: 5/17
  3173 | D:3      | Found a shadowy altar of Dithmenos.
  3368 | D:3      | Found a runed translucent door.
  3369 | D:3      | Noticed Crazy Yiuf
  3663 | D:3      | Killed Crazy Yiuf
  3664 | D:3      | Reached skill level 8 in Spellcasting
  3664 | D:3      | Reached XP level 6. HP: 34/34 MP: 3/19
  3860 | D:4      | Found a runed translucent door.
  4559 | D:4      | Learned a level 1 spell: Foxfire
  4776 | D:4      | Noticed Arkalis's ghost (amateur CoCK)
  4785 | D:5      | Entered Level 5 of the Dungeon
  4785 | D:5      | Noticed a two-headed ogre
  4835 | D:5      | Noticed a water moccasin
  4842 | D:5      | Killed a water moccasin
  4843 | D:5      | Reached skill level 1 in Shields
  5038 | D:5      | Reached skill level 1 in Fire Magic
  5038 | D:5      | Reached XP level 7. HP: 16/38 MP: 12/21
  5051 | D:5      | Reached skill level 1 in Air Magic
  5051 | D:5      | Reached skill level 1 in Alchemy
  5055 | D:5      | Killed a two-headed ogre
  5056 | D:5      | Reached skill level 10 in Spellcasting
  5056 | D:5      | Reached XP level 8. HP: 24/44 MP: 0/24
  5211 | D:5      | Found Ryschun's Armour Emporium.
  5291 | D:5      | Found a basalt altar of Yredelemnul.
  5303 | D:5      | Noticed Grinder
  5313 | D:5      | Reached skill level 5 in Stealth
  5313 | D:5      | Paralysed by Grinder for 2 turns
  5321 | D:5      | Killed Grinder
  5463 | D:5      | Reached skill level 11 in Spellcasting
  5463 | D:5      | Reached skill level 5 in Conjurations
  5569 | D:5      | Found a staircase to the Ecumenical Temple.
  5584 | Temple   | Entered the Ecumenical Temple
  5761 | D:5      | Found a white marble altar of Elyvilon.
  6133 | D:2      | Bought a scroll of identify for 26 gold pieces
  6133 | D:2      | Bought a potion of degeneration for 13 gold pieces
  6133 | D:2      | Bought a scroll of blinking for 97 gold pieces
  6275 | D:6      | Reached skill level 1 in Evocations
  6438 | D:6      | Reached XP level 9. HP: 48/48 MP: 21/26
  6654 | D:6      | Found an opulent altar of Gozag.
  6756 | D:6      | HP: 1/48 [orc priest/divine providence (10)]
  6758 | D:6      | Killed from afar by an orc priest

Illustrated notes

Levels and vault maps discovered:
D:1:      mrwooster_arrival_statue_2, layout_basic, serial_bayou_crossing
D:2:      layout_basic, serial_shops, shop, shop, nicolae_lakefront_shop,
          nicolae_shop_gibbet_a_chance, basic_altar
D:3:      layout_loops_ring, nicolae_dithmenos_shadow_blocks,
          mainiacjoe_overflow_boulevard, minmay_fractal_squares_gapless_5,
          uniq_crazy_yiuf_cottage, uniq_sigmund
D:4:      layout_cave_pods, ebering_ghost_reflecting_pool
D:5:      layout_cave_pods, nicolae_elyvilon_temple_path,
          mainiacjoe_overflow_paths, minmay_temple_entry_trees, serial_shops,
          nicolae_shop_trees, grunt_decor_arrowhead, uniq_grinder
D:6:      layout_rooms, overflow_temple_1_default
Temple:   minmay_freezing_vapour_temple

Skill      XL: |  1  2  3  4  5  6  7  8  9 |
---------------+----------------------------+-----
Spellcasting   | 5 7 8 10 11 | 11.5
Fighting       | 1 2 |  2.2
Armour         | 1 2 |  2.0
Conjurations   | 2 3 4 5 |  5.4
Dodging        | 3 |  3.2
Shields        | 1 2 |  2.1
Fire Magic     | 1 |  1.0
Air Magic      | 1 |  1.0
Alchemy        | 1 |  1.0
Stealth        | 4 5 |  5.3
Evocations     | 1 |  1.9
Summonings     | |  1.1
Translocations | |  1.1

Action                     |  1- 3 |  4- 6 |  7- 9 || total
---------------------------+-------+-------+-------++-------
  Melee: Dagger            |    18 |     4 |       ||    22
         Quarterstaff      |       |     3 |     2 ||     5
   Cast: Magic Dart        |    84 |    69 |       ||   153
         Mephitic Cloud    |     4 |     2 |     4 ||    10
         Call Imp          |     1 |     1 |       ||     2
         Blink             |     1 |       |       ||     1
         Foxfire           |       |    26 |   128 ||   154
   Stab: Confused          |     1 |       |       ||     1
 Armour: Robe              |     6 |    10 |     6 ||    22
  Dodge: Dodged            |    15 |    23 |     5 ||    43

Table legend: (Time is in decaauts)
 A = Elapsed time spent in this place.
 B = Non-inter-level travel time spent in this place.
 C = Inter-level travel time spent in this place.
 D = Time resting spent in this place.
 E = Time spent auto-exploring this place.
 F = Levels seen in this place.
 G = Mean time per level.
                   A        B        C        D        E       F      G
               +--------+--------+--------+--------+--------+-----+--------+
         Total |   6766 |   6245 |    521 |     72 |   5542 |   7 |  966.6 |
       Dungeon |   6764 |   6243 |    521 |     72 |   5542 |   6 | 1127.3 |
        Temple |      1 |      1 |      0 |      0 |      0 |   1 |    1.0 |
               +--------+--------+--------+--------+--------+-----+--------+

Top non-repeatable levels by time:
     D:3: 1528 daAuts
     D:2: 1278 daAuts
     D:5: 1226 daAuts
     D:1: 1207 daAuts
     D:4: 995 daAuts
     D:6: 528 daAuts
  Temple: 1 daAuts
